Map: Rhoskallian LE

Players

Hodn - Winner!

  • Race: Terran Terran
  • Spawn Location: 12:00

BØØØØØØØØØØM - Winner!

  • Race: Terran Terran
  • League: Diamond
  • Spawn Location: 11:00

Massa

  • Race: Terran Terran
  • League: Platinum
  • Spawn Location: 5:00

qqq

  • Race: Protoss Protoss
  • League: Platinum
  • Spawn Location: 6:00

VOD

Have the link to the VOD?

Description

Time

  • Played on: Dec. 29, 2020, 5:59 a.m.
  • Length: 17:44
Show
View Real Time Build Order
Export as new Build Order

Hodn Terran - Winner!

Build Orders: Liberator Opening, Reaper Expand 

Get SALT Encoding   

  12  0:00  SCV  
  13  0:12  SCV  
  14  0:24  SCV  
  14  0:26  Supply Depot  
  15  0:45  Refinery  
  15  0:47  SCV  
  15  0:48  Barracks  
  16  1:00  SCV  
  17  1:12  SCV  
  18  1:24  SCV  
  19  1:35  Reaper  
  19  1:36  Orbital Command  
  20  1:48  Command Center  
  20  2:02  SCV  
  20  2:07  Reaper  
  22  2:14  SCV  
  23  2:17  Supply Depot  
  23  2:20  Refinery  
  23  2:31  Factory  
  23  2:39  SCV  
  23  2:44  Marine  
  24  2:51  SCV  
  25  3:02  Marine  
  25  3:04  SCV  
  27  3:06  Command Center  
  27  3:16  Starport, SCV, Factory Reactor  
  27  3:18  SCV  
  29  3:23  Refinery  
  29  3:26  Marine  
  30  3:34  Orbital Command  
  30  3:37  SCV  
  31  3:43  Marine  
  32  3:50  SCV  
  32  3:54  Liberator  
  32  3:55  Widow Mine  
  38  4:01  Supply Depot  
  38  4:02  SCV  
  39  4:05  SCV  
  40  4:14  SCV  
  40  4:15  Barracks Tech Lab  
  41  4:17  SCV  
  41  4:18  Orbital Command  
  41  4:22  Widow Mine  
  44  4:28  Engineering Bay  
  44  4:30  Widow Mine  
  46  4:33  SCV  
  46  4:35  SCV  
  48  4:41  Starport Reactor  
  48  4:44  SCV  
  49  4:45  SCV  
  49  4:47  Widow Mine  
  49  4:49  SCV  
  53  4:56  SCV  
  53  4:57  SCV  
  55  5:00  Supply Depot  
  55  5:02  Barracks  
  55  5:03  Widow Mine  
  55  5:06  Stimpack  
  57  5:14  SCV x2  
  57  5:18  Refinery, SCV  
  57  5:27  Barracks  
  57  5:28  Barracks  
  57  5:29  SCV  
  57  5:32  Missile Turret  
  57  5:33  Medivac x2  
  62  5:41  Barracks  
  62  5:43  SCV x2, Barracks  
  62  5:46  Orbital Command  
  64  5:55  SCV  
  64  6:02  Marauder, Marine  
  67  6:04  Medivac x2  
  71  6:15  Marine  
  71  6:16  Barracks Reactor  
  72  6:19  Marine  
  72  6:23  Marauder  
  75  6:30  SCV, Supply Depot  
  75  6:31  SCV  
  75  6:32  Supply Depot  
  77  6:35  Supply Depot  
  77  6:38  Supply Depot  
  77  6:39  Supply Depot  
  77  6:47  Starport  
  77  6:52  Marauder, Marine x4, Viking  
  77  6:53  Marine, Viking  
  77  6:54  SCV x3  
  91  7:05  Marine, Missile Turret  
  91  7:06  SCV x3  
  95  7:14  Marauder  
  97  7:16  Marine x6  
  97  7:18  SCV x3  
  97  7:19  Terran Infantry Weapons Level 1  
  97  7:21  Engineering Bay  
  106  7:25  Combat Shield  
  106  7:30  Refinery, SCV x3  
  106  7:31  Refinery  
  106  7:32  Missile Turret  
  109  7:38  Marauder, Marine  
  109  7:39  Starport Reactor  
  112  7:48  Viking x2  
  116  7:57  Marine  
  117  8:02  Marine x5  
  117  8:03  Marauder, Supply Depot  
  117  8:04  Terran Infantry Armor Level 1, Supply Depot x2  
  117  8:05  Supply Depot  
  124  8:06  Supply Depot  
  124  8:09  SCV  
  124  8:10  Armory  
  125  8:25  SCV x2, Viking x3  
  133  8:27  Barracks Reactor x2  
  133  8:29  Barracks Tech Lab  
  133  8:30  Marauder, Marine  
  136  8:38  Marine x2  
  136  8:40  SCV x2  
  136  8:41  SCV  
  141  8:49  Command Center  
  140  8:59  Viking x2  
  140  9:00  Viking  
  140  9:01  Viking  
  148  9:12  Supply Depot  
  148  9:13  Supply Depot  
  148  9:14  Supply Depot x2  
  148  9:15  Missile Turret  
  148  9:19  Missile Turret  
  146  9:25  Marine  
  146  9:26  Marine  
  92  9:49  Viking, Medivac  
  92  9:50  Viking x2  
  91  9:57  Marine x7  
  91  9:58  Marauder, Marine  
  92  10:09  Marauder  
  91  10:14  Marine  
  91  10:15  Marine x3  
  91  10:19  Medivac, Viking  
  80  10:42  Viking x2  
  84  10:43  Marauder, Marine  
  84  10:49  Viking  
  89  10:51  SCV x2  
  91  11:02  Refinery  
  91  11:03  Orbital Command  
  91  11:11  SCV  
  91  11:12  SCV  
  91  11:23  SCV  
  91  11:24  SCV, Marauder, Marine  
  94  11:26  Marine x3  
  94  11:27  Marine  
  94  11:31  Command Center  
  98  11:33  Terran Infantry Weapons Level 2  
  98  11:35  SCV  
  95  11:44  Marauder, Marine x3  
  97  11:50  Terran Infantry Armor Level 2  
  88  12:13  Orbital Command  
  88  12:15  Marauder, Marine x2  
  91  12:16  Marine x2  
  91  12:18  Viking x3  
  100  12:40  Marauder, Marine  
  103  12:45  SCV x3  
  103  12:49  Viking x2  
  109  13:12  Marauder, Marine  
  114  13:13  Marauder, Marine x3  
  114  13:14  Marine x4  
  121  13:21  SCV  
  122  13:28  Viking x2  
  122  13:30  Marine x2  
  122  13:31  Terran Ship Weapons Level 1  
  122  13:33  SCV  
  129  13:38  Viking x2  
  129  13:39  Marine  
  129  13:40  Marine x4  
  138  13:54  Marine  
  138  13:55  Marine x2  
  141  13:58  Viking x2  
  141  14:01  Orbital Command  
  145  14:08  Marauder x2, Marine, Viking x2  
  154  14:16  Marine  
  140  14:34  Orbital Command  
  114  14:42  SCV x2  
  106  14:52  Viking  
  107  14:53  Viking x3  
  107  14:58  SCV x2  
  107  14:59  SCV  
  116  15:03  Command Center  
  116  15:08  SCV  
  117  15:14  Refinery  
  116  15:22  Viking x2  
  118  15:39  Viking, Medivac  
  82  16:13  Viking x4  
  82  16:14  Marauder, Marine  
  82  16:15  Marauder, Marine x7  
  98  16:32  Marine  
  99  16:33  Marine x5  
  99  16:36  Marauder x2  
  99  16:37  Marine  
  99  16:38  Marine  
  110  16:43  Medivac x2, Viking  
  111  16:50  Marine x2  
  111  16:51  Marine x4  
  115  16:55  Marine  
  115  16:57  Marauder x2  
  109  17:08  Marine  
  109  17:09  Orbital Command  
  104  17:19  Marauder  
  106  17:28  SCV x2  
Show
View Real Time Build Order
Export as new Build Order

BØØØØØØØØØØM Terran - Winner!

Build Orders: 2 Factory, Gas First Reaper Expand 

Get SALT Encoding   

  12  0:00  SCV  
  13  0:12  SCV  
  14  0:18  Supply Depot  
  14  0:25  SCV  
  15  0:31  Refinery  
  15  0:40  SCV  
  16  0:47  Barracks  
  16  0:52  SCV  
  17  1:04  SCV  
  18  1:16  SCV  
  19  1:33  Orbital Command  
  19  1:34  Reaper  
  20  1:50  Command Center  
  20  2:01  Refinery, SCV  
  21  2:06  Reaper  
  22  2:11  Supply Depot  
  22  2:13  SCV  
  23  2:33  SCV, Factory  
  24  2:45  SCV  
  25  2:57  SCV, Factory  
  26  3:02  Factory  
  26  3:09  SCV  
  26  3:14  Orbital Command  
  26  3:21  SCV  
  26  3:23  Factory Tech Lab  
  27  3:33  SCV  
  28  3:37  Supply Depot  
  28  3:39  SCV  
  29  3:43  Factory Tech Lab  
  29  3:45  SCV, Factory Reactor  
  30  3:51  SCV  
  30  3:52  Cyclone  
  33  3:57  SCV  
  33  3:58  Mag-Field Accelerator  
  34  4:03  SCV  
  34  4:05  Refinery  
  34  4:06  Refinery  
  34  4:09  SCV  
  36  4:15  SCV  
  37  4:20  Cyclone  
  37  4:21  SCV  
  41  4:27  SCV  
  42  4:31  Command Center  
  42  4:33  SCV  
  43  4:39  SCV  
  44  4:46  SCV  
  44  4:52  SCV  
  46  4:53  Cyclone  
  46  4:57  Armory  
  49  5:00  Armory  
  49  5:03  Supply Depot  
  49  5:04  Supply Depot  
  49  5:07  Supply Depot  
  49  5:20  Cyclone  
  52  5:25  Cyclone  
  55  5:30  Hellion x2  
  59  5:40  Factory  
  59  5:43  Supply Depot  
  59  5:53  Cyclone  
  62  5:57  Hellion  
  62  5:58  Hellion  
  66  6:08  Orbital Command  
  66  6:09  SCV x2  
  68  6:19  Cyclone  
  68  6:21  SCV x2  
  68  6:22  Hellion x2  
  64  6:48  SCV x3  
  64  6:50  Factory Tech Lab  
  64  6:53  Terran Vehicle And Ship Armor Level 1, Terran Vehicle Weapons Level 1  
  67  6:59  Factory  
  67  7:00  SCV x2, Supply Depot  
  67  7:01  SCV, Supply Depot  
  70  7:02  Factory, Supply Depot  
  70  7:06  Supply Depot  
  70  7:10  Refinery  
  70  7:12  Refinery, SCV x2  
  70  7:13  SCV  
  65  7:39  Thor x3  
  65  7:42  SCV x2  
  73  7:49  SCV  
  74  7:54  SCV x2  
  74  7:55  Factory Tech Lab x2  
  76  8:01  SCV  
  76  8:02  Hellion x2  
  81  8:09  Supply Depot  
  81  8:10  SCV x2, Supply Depot  
  81  8:11  Supply Depot  
  81  8:12  Supply Depot x2  
  83  8:13  SCV  
  84  8:21  Thor  
  84  8:22  Engineering Bay  
  84  8:24  Command Center  
  90  8:27  Thor  
  96  8:35  Thor  
  96  8:40  Thor  
  108  8:46  Terran Vehicle And Ship Armor Level 2, Terran Vehicle Weapons Level 2  
  108  8:59  SCV x3  
  111  9:03  Hellion x2  
  111  9:05  Thor  
  111  9:09  Thor  
  127  9:11  SCV x3  
  130  9:19  Thor  
  136  9:26  Refinery  
  136  9:27  SCV x2  
  136  9:28  Refinery  
  136  9:30  SCV  
  139  9:39  SCV x2, Thor  
  139  9:42  SCV  
  148  9:49  Thor  
  154  9:59  Orbital Command  
  154  10:04  Thor x2  
  166  10:09  Hellion x3  
  142  10:29  Siege Tank  
  142  10:30  Hellion, Siege Tank  
  142  10:31  Hellion  
  142  10:32  Siege Tank  
  143  10:47  Thor, Siege Tank  
  146  11:01  Thor  
  152  11:07  Terran Vehicle And Ship Armor Level 3, Terran Vehicle Weapons Level 3  
  152  11:10  Command Center  
  152  11:11  Command Center  
  152  11:12  Supply Depot  
  152  11:14  Hellion x4  
  152  11:17  Supply Depot  
  160  11:20  Hellion  
  162  11:31  Hellion  
  164  11:41  Factory  
  164  11:43  Factory  
  152  11:54  Siege Tank  
  152  11:55  Siege Tank x4  
  167  12:07  Starport  
  167  12:08  Starport, Hellion x2  
  171  12:09  Starport  
  171  12:12  SCV  
  171  12:13  SCV x3  
  175  12:23  Refinery, Orbital Command  
  175  12:24  Orbital Command  
  175  12:25  SCV x3  
  175  12:26  Siege Tank  
  175  12:27  SCV, Hellion, Siege Tank  
  187  12:37  SCV  
  188  12:44  Starport  
  188  12:46  Starport  
  188  12:48  Starport Reactor x3  
  188  12:52  SCV  
  188  12:53  SCV x5  
  194  12:59  Refinery  
  194  13:01  Orbital Command  
  194  13:26  Starport Reactor x2  
  194  13:28  Refinery  
  194  13:32  Starport  
  194  13:44  Terran Ship Weapons Level 1  
  186  13:54  Refinery  
  180  14:00  Viking x4  
  180  14:01  Viking x2  
  188  14:19  Viking  
  188  14:20  Viking x3  
  196  14:30  Viking  
  198  14:52  Viking x3  
  193  14:53  Viking x2  
  193  14:55  Starport Reactor x2  
  186  15:01  Viking  
  181  15:22  Viking x4  
  181  15:23  Viking  
  191  15:31  Viking  
  187  15:52  Viking x4  
  187  15:53  Viking  
  182  15:58  Viking  
  182  15:59  Viking x3  
  182  16:01  Hellion x3  
  182  16:02  Hellion x2  
  188  16:17  Viking  
  190  16:22  Viking x4  
  190  16:23  Viking  
  200  16:38  Command Center  
  200  16:40  Command Center  
  194  16:47  Viking  
  194  16:52  Viking x2  
  192  17:09  Orbital Command  
Show
View Real Time Build Order
Export as new Build Order

Massa Terran 

Build Orders: Reaper Expand 

Get SALT Encoding   

  12  0:00  SCV  
  13  0:17  Supply Depot  
  13  0:18  SCV  
  14  0:31  SCV  
  15  0:40  Barracks  
  15  0:43  SCV  
  16  0:50  Refinery  
  16  0:55  SCV  
  17  1:07  SCV  
  18  1:19  SCV  
  18  1:22  Supply Depot  
  19  1:31  Orbital Command  
  19  1:44  Reaper  
  20  1:57  Command Center  
  20  2:00  SCV  
  21  2:13  SCV  
  22  2:18  Marine  
  23  2:26  Factory  
  23  2:31  Barracks  
  23  2:53  Marine  
  24  3:12  Factory Tech Lab  
  24  3:13  Orbital Command  
  24  3:14  SCV  
  25  3:26  Starport, SCV  
  26  3:34  Barracks Tech Lab, Engineering Bay  
  26  3:37  Supply Depot  
  26  3:38  Refinery, SCV  
  27  3:42  Barracks  
  27  3:50  Refinery  
  27  3:51  SCV  
  28  4:06  Siege Tank  
  28  4:08  SCV x2  
  33  4:20  SCV x2  
  33  4:21  Medivac  
  37  4:24  Marine  
  37  4:25  Marine  
  37  4:30  Refinery  
  39  4:31  Command Center  
  39  4:33  SCV  
  39  4:35  SCV  
  41  4:42  Marine x2, Stimpack  
  43  4:49  Widow Mine  
  45  4:54  Terran Infantry Weapons Level 1  
  45  4:56  Marine  
  46  5:00  Marine x2  
  46  5:05  SCV  
  46  5:06  SCV  
  50  5:14  Marine  
  50  5:17  Siege Tank  
  54  5:23  Supply Depot  
  54  5:24  Supply Depot  
  54  5:27  Missile Turret  
  54  5:30  Missile Turret  
  54  5:38  Armory  
  54  5:43  SCV x2, Marauder, Marine x2  
  50  5:54  SCV  
  50  5:55  SCV x2  
  53  5:59  Starport Reactor  
  53  6:04  Command Center  
  53  6:06  SCV  
  53  6:07  SCV  
  53  6:08  Siege Tank  
  58  6:27  Marauder, Marine  
  58  6:30  Barracks Tech Lab  
  61  6:37  Medivac  
  61  6:38  Barracks, Medivac  
  65  6:40  Barracks  
  65  6:45  Marine  
  66  6:49  Marauder  
  66  6:54  Terran Infantry Weapons Level 2  
  68  6:56  Terran Vehicle Weapons Level 1  
  68  6:58  Engineering Bay  
  68  7:03  Marine, Siege Tank  
  72  7:10  Marauder  
  72  7:12  Orbital Command  
  72  7:14  SCV x2  
  76  7:26  SCV  
  76  7:45  SCV x3  
  79  7:55  Medivac x2  
  79  7:57  SCV x2, Siege Tank  
  88  8:10  Marauder x2, Marine  
  93  8:14  Barracks Reactor, Barracks Tech Lab  
  93  8:25  Viking x2  
  97  8:28  Marine  
  97  8:31  Marauder  
  97  8:32  Planetary Fortress  
  100  8:40  Combat Shield  
  100  8:42  Concussive Shells  
  100  8:44  Terran Infantry Armor Level 1  
  100  8:55  Marine  
  100  9:07  Refinery  
  100  9:08  Barracks  
  100  9:09  Barracks  
  100  9:15  Refinery  
  100  9:30  Marine x2  
  100  9:31  Marauder, Marine  
  100  9:32  Marauder  
  100  9:34  Marauder  
  98  9:48  Marine x2  
  100  10:00  Supply Depot x2  
  100  10:01  Supply Depot  
  100  10:02  Supply Depot x2  
  100  10:12  Marine  
  100  10:14  SCV, Marine  
  100  10:15  SCV  
  100  10:17  Marine  
  100  10:18  SCV  
  100  10:21  SCV, Marauder, Marine x2  
  100  10:22  Barracks Tech Lab x2  
  100  10:24  Supply Depot  
  100  10:25  Supply Depot  
  100  10:26  Supply Depot x3  
  100  10:27  SCV  
  97  10:30  Marauder  
  97  10:31  Marine, Medivac x2  
  85  10:35  Marine  
  85  10:39  Marine x2, Siege Tank  
  90  10:43  Marauder  
  90  10:45  Marauder x2  
  98  10:50  Marauder  
  98  10:51  Marauder  
  98  10:52  Supply Depot  
  98  10:53  Marine  
  98  10:57  Marine x2  
  101  11:01  Medivac  
  105  11:04  Marauder  
  105  11:11  Marauder, Marine  
  109  11:12  Marauder x2, Siege Tank  
  109  11:13  Marauder  
  115  11:26  Marauder  
  115  11:27  SCV x4  
  123  11:33  Refinery, Marauder x3  
  123  11:34  Marauder  
  123  11:36  Refinery  
  123  11:38  Terran Infantry Armor Level 2, Medivac x2  
  123  11:39  Terran Infantry Weapons Level 3, SCV  
  134  11:47  Marauder  
  138  11:54  Marauder  
  138  12:14  Marauder x4  
  148  12:15  Marauder  
  148  12:30  Medivac x2  
  148  12:34  Terran Vehicle Weapons Level 2  
  148  12:35  Marauder  
  148  12:36  Marauder x3  
  162  12:37  Marauder  
  162  12:42  Marine x3  
  165  12:51  Starport  
  165  12:53  Starport  
  165  12:55  SCV x4  
  165  12:56  Marauder  
  165  12:57  Marauder x3  
  179  12:58  Marauder  
  179  12:59  Marine  
  179  13:00  Marine, Medivac x2  
  185  13:18  Marauder  
  187  13:27  Supply Depot  
  187  13:28  Supply Depot x3  
  187  13:30  Supply Depot  
  187  13:45  Sensor Tower  
  187  13:49  Marauder x5  
  187  13:51  Supply Depot x2  
  187  13:53  Supply Depot x2  
  187  13:55  Supply Depot  
  197  14:10  Marauder  
  164  14:43  Marauder  
  164  14:44  Marauder x4, Marine x3  
  133  14:46  Siege Tank  
  133  14:48  Medivac x2  
  133  14:52  Starport Tech Lab x2  
  130  15:02  Marine x3  
  130  15:05  Marauder x5  
  143  15:15  Command Center  
  143  15:18  Medivac, Siege Tank  
  148  15:26  Marauder  
  148  15:27  Marauder x4  
  158  15:33  Viking x2  
  158  15:34  Medivac  
  164  15:35  Marine  
  164  15:36  Marine x2  
  167  15:47  Marauder  
  167  15:48  Marauder x4, Medivac  
  175  15:50  Siege Tank  
  175  15:53  Marine x2  
  175  15:59  Marine  
  154  16:09  Marauder x4  
  154  16:10  Marauder  
  141  16:12  Marine  
  142  16:25  Marine  
  142  16:26  Marine  
  142  16:29  Marine  
  142  16:30  Marauder  
  142  16:31  Marauder x4  
  154  16:43  Marine  
  154  16:44  Marine  
  152  16:52  Marauder x5  
  158  16:58  Medivac x4  
  166  17:07  Marine x2  
  166  17:08  Marine  
  171  17:13  Marauder  
  171  17:14  Marauder x4  
  180  17:25  Marine  
Show
View Real Time Build Order
Export as new Build Order

qqq Protoss 

Build Orders: Phoenix Opening, Carriers, Carrier Rush 

Get SALT Encoding   

  12  0:00  Probe  
  13  0:16  Pylon  
  13  0:20  Probe  
  14  0:32  Probe  
  15  0:40  Gateway  
  15  0:44  Probe  
  16  0:57  Probe  
  17  1:11  Probe  
  18  1:16  Assimilator  
  18  1:23  Probe, Assimilator  
  19  1:35  Probe  
  19  1:36  Cybernetics Core  
  20  1:52  Probe  
  20  2:20  Pylon  
  20  2:21  Pylon  
  20  2:23  Nexus, Stalker  
  20  2:25  Probe  
  23  2:38  Probe  
  24  2:45  Stargate  
  24  2:50  Probe  
  25  2:58  Pylon  
  25  3:13  Probe  
  26  3:26  Probe  
  27  3:32  Fleet Beacon  
  27  3:39  Phoenix  
  27  3:40  Assimilator  
  29  3:42  Probe  
  29  3:45  Assimilator  
  31  3:49  Probe (Chrono Boost)  
  31  3:54  Probe (Chrono Boost)  
  32  4:01  Probe (Chrono Boost)  
  33  4:04  Probe (Chrono Boost)  
  33  4:09  Probe x2 (Chrono Boost), Stargate  
  36  4:20  Probe  
  36  4:21  Probe  
  38  4:32  Probe  
  38  4:36  Carrier  
  44  5:24  Probe  
  44  5:25  Probe  
  46  5:31  Pylon  
  46  5:37  Probe x2, Carrier  
  54  5:49  Probe x2  
  56  5:50  Forge  
  56  5:55  Robotics Facility  
  56  6:01  Probe x2  
  57  6:10  Tempest  
  62  6:13  Probe x2  
  64  6:25  Probe  
  61  6:41  Carrier  
  61  6:52  Observer  
  61  6:53  Carrier  
  68  7:11  Pylon  
  68  7:13  Observer  
  68  7:15  Pylon  
  69  7:16  Nexus  
  69  7:29  Pylon  
  69  7:32  Pylon  
  69  7:35  Observer  
  69  7:36  Pylon  
  70  7:38  Pylon  
  70  7:41  Pylon  
  69  7:45  Carrier  
  75  7:57  Carrier  
  81  8:15  Nexus  
  81  8:18  Pylon  
  81  8:22  Pylon  
  81  8:29  Protoss Air Weapons Level 1  
  81  8:50  Carrier  
  81  8:51  Nexus  
  87  9:01  Carrier  
  93  9:05  Photon Cannon  
  93  9:09  Photon Cannon  
  87  9:52  Observer  
  88  9:53  Tempest  
  93  10:06  Carrier  
  99  10:27  Protoss Air Armor Level 1  
  93  10:32  Probe  
  94  10:37  Carrier  
  95  10:44  Probe  
  78  10:55  Assimilator  
  78  10:57  Probe  
  78  10:59  Assimilator  
  78  11:09  Mothership (Chrono Boost)  
  78  11:10  Carrier  
  85  11:12  Probe (Chrono Boost)  
  85  11:15  Nexus  
  93  11:23  Immortal  
  93  11:25  Probe (Chrono Boost)  
  98  11:33  Probe  
  98  11:34  Robotics Bay  
  98  11:38  Photon Cannon  
  99  11:41  Carrier  
  99  11:42  Pylon  
  104  11:59  Pylon  
  104  12:02  Pylon  
  104  12:05  Immortal  
  108  12:14  Tempest  
  113  12:25  Zealot  
  115  12:44  Probe x2  
  115  12:45  Tempest, Immortal  
  126  12:52  Zealot  
  126  12:56  Probe x2, Photon Cannon  
  129  13:08  Probe  
  129  13:09  Probe  
  130  13:21  Probe x2, Photon Cannon  
  130  13:24  Photon Cannon  
  132  13:30  Photon Cannon  
  132  13:32  Pylon  
  132  13:33  Probe, Shield Battery  
  133  13:40  Probe  
  134  13:45  Probe  
  134  13:46  Tempest x2  
  145  13:52  Probe  
  146  13:57  Probe  
  147  14:03  Zealot  
  147  14:04  Probe  
  147  14:05  Colossus  
  147  14:09  Probe  
  157  14:10  Extended Thermal Lance  
  157  14:16  Probe  
  158  14:21  Probe  
  159  14:29  Tempest  
  159  14:30  Zealot  
  166  14:34  Carrier  
  172  14:58  Colossus  
  175  15:19  Tempest  
  178  15:25  Probe  
  178  15:27  Photon Cannon  
  179  15:30  Assimilator  
  179  15:34  Assimilator  
  179  15:37  Probe, Robotics Facility  
  179  15:38  Tempest, Gateway  
  151  15:53  Immortal  
  121  16:10  Tempest  
  101  16:14  Stalker  
  86  16:21  Tempest  
  68  16:26  Stalker  
  68  16:29  Immortal  
  68  16:32  Observer  
  70  16:44  Stargate, Stalker  
  67  16:53  Phoenix  
  69  16:56  Zealot  
  71  17:18  Phoenix  
Tags
 
Add a new tag
Caveats
  • Supply blocks, unpowered buildings, or Contaminate may cause inaccurate times.
  • Supply counts are checked every 10 seconds.